 Dungeon Crawl Stone Soup version 0.20-a0-526-g753eaab (webtiles) character file.

1715 kae the Insei (level 8, -9/67 HPs)
             Began as a Yellow Draconian Transmuter on Jan 26, 2017.
             Was a Follower of Okawaru.
             Mangled by an orc knight
             ... wielding a +0 broad axe
              (13 damage)
             ... on level 7 of the Dungeon.
             The game lasted 00:09:34 (8112 turns).

kae the Insei (Yellow Draconian Transmuter)         Turns: 8112, Time: 00:09:34

Health: -9/67      AC:  8    Str: 12    XL:     8   Next: 74%
Magic:  23/23      EV: 12    Int: 14    God:    Okawaru [*.....]
Gold:   342        SH:  0    Dex: 14    Spells: 7/16 levels left

rFire    . . .     SeeInvis +     - Unarmed
rCold    . . .     Gourm    .   (armour unavailable)
rNeg     . . .     Faith    .   (no shield)
rPois    .         Spirit   .   (helmet restricted)
rElec    .         Reflect  .   (no cloak)
rCorr    +         Harm     .   t - +1 pair of gloves (curse)
MR       .....                  (no boots)
Stlth    +.........             d - amulet of magic regeneration
Regen    0.3/turn               z - ring of magical power
                                x - ring of see invisible

@: about to teleport, appendage (expiring)
A: spit acid, acid resistance, unfitting armour, horns 2, cold-blooded, AC +6
a: Breathe Acid, End Transformation, Heroism, Renounce Religion


You were on level 7 of the Dungeon.
You worshipped Okawaru.
Okawaru was aware of your devotion.
You were hungry.
You had grown temporary horns.
You visited 1 branch of the dungeon, and saw 7 of its levels.
You also visited: Ossuary.

You collected 342 gold pieces.

Inventory:

Missiles
 a - 34 arrows
Armour
 t - a cursed +1 pair of gloves (worn)
Jewellery
 d - an amulet of magic regeneration (around neck)
 m - an uncursed ring of protection from fire
 w - an uncursed ring of positive energy
 x - a ring of see invisible (left hand)
 y - an uncursed ring of protection from fire
 z - a ring of magical power (right hand)
Wands
 l - a wand of flame (30/48)
 n - a wand of acid (4/15)
Scrolls
 e - 3 scrolls of teleportation
 i - 3 scrolls of remove curse
 u - a scroll of enchant armour
Potions
 f - a potion of brilliance {unknown}
 h - 2 potions of invisibility
 k - 7 potions of curing
 o - a potion of experience {unknown}
 q - a potion of flight
 v - a potion of might
Books
 b - a book of Changes

   Spells                             Type                      Level
   a - Beastly Appendage              Transmutation                1
   b - Sticks to Snakes               Transmutation                2
   c - Spider Form                    Transmutation/Poison         3
   d - Ice Form                       Ice/Transmutation            4
   e - Blade Hands                    Transmutation                5
 s - a book of Air

   Spells                             Type                      Level
   a - Shock                          Conjuration/Air              1
   b - Swiftness                      Charms/Air                   2
   c - Repel Missiles                 Charms/Air                   2
   d - Static Discharge               Conjuration/Air              3
   e - Lightning Bolt                 Conjuration/Air              5
Comestibles
 c - 2 bread rations
 g - 2 meat rations
 j - 7 fruits
 r - 3 royal jellies
 A - 2 chunks of flesh


   Skills:
 + Level 4.7 Fighting
 - Level 1.7 Dodging
 * Level 7.3 Unarmed Combat
 + Level 4.5 Spellcasting
 * Level 6.7 Transmutations
 + Level 0.7 Invocations


You had 7 spell levels left.
You knew the following spells:

 Your Spells              Type           Power        Failure   Level  Hunger
a - Beastly Appendage     Tmut           ###...       1%          1    None
b - Spider Form           Tmut/Pois      ##........   17%         3    ###....
c - Blade Hands           Tmut           ###.......   38%         5    ######.


Dungeon Overview and Level Annotations

Branches:
Dungeon (7/15)             Temple (0/1) D:6

Altars:
Cheibriados
Elyvilon
Hepliaklqana
Nemelex Xobeh
Okawaru
Qazlal
Vehumet
Xom
Zin

Shops:
D:7 (

Annotations:
D:7 kuniqs's ghost, novice MfBe


Innate Abilities, Weirdness & Mutations

You can spit globs of acid.
You are resistant to acid.
Your golden yellow scales are hard. (AC +6)
You cannot fit into any form of body armour.
You are cold-blooded and may be slowed by cold attacks.
You have a pair of horns on your head.


Message History

The hippogriff barely misses you.
You have got your breath back.
The hippogriff bites you!
* * * LOW HITPOINT WARNING * * *
The hippogriff barely misses you. The hippogriff claws you.
* * * LOW HITPOINT WARNING * * *
As you read the scroll of teleportation, it crumbles to dust.
You feel strangely unstable.
Kuniqs's ghost hits you but does no damage.
The hippogriff closely misses you. The hippogriff pecks you.
* * * LOW HITPOINT WARNING * * *
The hippogriff claws you but does no damage.
Your transformation is almost over.
Your surroundings suddenly seem different.
An orc knight comes into view. It is wielding a broad axe.
Unknown command.
As you read the scroll of teleportation, it crumbles to dust.
You feel strangely unstable.
The orc knight hits you with a broad axe!
You die...

############
...........#
...........#
...........#
...........#
..W........####
..H.##'##.....######
....#...#.....##...##
....#...#.....#.@o..#
....#...#.....#.....#
....#...#.....#.....#
....#...#.....##...##
....#...#########+##
....#...# ....#...#
#...# #...#


You could see an orc knight.

Vanquished Creatures
  Duvessa (D:6)
  An orc warrior (D:5)
  2 ice beasts (D:6)
  5 ogres
  A centaur (D:5)
  Dowan (D:6)
  2 scorpions
  A wight (D:6)
  A crimson imp (D:7)
  A jelly (D:5)
  A bullfrog zombie (D:5)
  A hound (D:7)
  3 orc priests
  An iguana (D:6)
  An orc wizard (D:6)
  A centaur skeleton (D:6)
  5 worker ants
  7 adders
  A shadow imp (D:4)
  An adder zombie (D:6)
  5 worms (D:2)
  2 dart slugs (D:1)
  6 leopard geckos
  19 orcs
  4 ball pythons
  3 giant cockroaches
  2 gnoll zombies (Ossuary)
  16 goblins
  8 hobgoblins
  8 jackals
  2 quokkas (D:2)
  13 bats
  3 frilled lizards
  3 hobgoblin zombies (Ossuary)
  A jackal zombie (D:5)
  6 kobolds
  An orc zombie (Ossuary)
  3 rats
  A rat zombie (D:5)
144 creatures vanquished.

Vanquished Creatures (others)
  A quokka (D:6)
1 creature vanquished.

Grand Total: 145 creatures vanquished

Notes
Turn   | Place    | Note
-------+----------+-------------------------------------------
     0 | D:1      | kae the Draconian Transmuter began the quest for the Orb.
     0 | D:1      | Reached XP level 1. HP: 16/16 MP: 3/3
   415 | D:1      | Reached XP level 2. HP: 16/23 MP: 5/5
   996 | D:1      | Reached XP level 3. HP: 29/29 MP: 6/6
  1838 | D:2      | Reached XP level 4. HP: 35/36 MP: 7/7
  2256 | D:2      | Reached skill level 4 in Unarmed Combat
  2630 | D:3      | Reached XP level 5. HP: 12/41 MP: 9/9
  3505 | D:4      | Found a sparkling altar of Nemelex Xobeh.
  3900 | D:4      | Reached XP level 6. HP: 17/50 MP: 8/10
  4703 | D:5      | Entered Level 5 of the Dungeon
  4703 | D:5      | Found a sand-covered staircase.
  4715 | D:5      | Reached skill level 5 in Unarmed Combat
  4758 | Ossuary  | Entered an ossuary
  4810 | Ossuary  | Learned a level 3 spell: Spider Form
  5552 | D:5      | Your scales start taking on a golden yellow colour.
  5552 | D:5      | Reached XP level 7. HP: 26/57 MP: 12/12
  5904 | D:5      | Reached skill level 5 in Transmutations
  6117 | D:5      | Found an iron altar of Okawaru.
  6205 | D:5      | Became a worshipper of Warmaster Okawaru
  6240 | D:5      | Noticed an angel
  6241 | D:5      | Found a shimmering altar of Xom.
  6242 | D:5      | Found a glowing silver altar of Zin.
  6448 | D:5      | Reached skill level 6 in Unarmed Combat
  6565 | D:6      | Found a white marble altar of Elyvilon.
  6626 | D:6      | Reached XP level 8. HP: 29/66 MP: 13/13
  6903 | D:6      | Noticed Duvessa
  6908 | D:6      | Noticed Dowan
  6930 | D:6      | Killed Duvessa
  6935 | D:6      | Killed Dowan
  7046 | D:6      | Reached * piety under Okawaru
  7361 | D:6      | Found a stormy altar of Qazlal.
  7392 | D:6      | Reached skill level 7 in Unarmed Combat
  7643 | D:6      | Found a staircase to the Ecumenical Temple.
  7648 | D:6      | Found an iron altar of Okawaru.
  7654 | D:6      | Found a snail-covered altar of Cheibriados.
  7829 | D:6      | Learned a level 5 spell: Blade Hands
  7995 | D:7      | Found a hazy altar of Hepliaklqana.
  7996 | D:7      | Found a radiant altar of Vehumet.
  8019 | D:7      | Found Wusasozo's Weapon Shoppe.
  8089 | D:7      | Noticed a hippogriff
  8094 | D:7      | Noticed kuniqs's ghost (novice MfBe)
  8108 | D:7      | HP: 3/67 [hippogriff (4)]
  8111 | D:7      | Noticed an orc knight
  8112 | D:7      | Mangled by an orc knight

Vault maps used:
D:1:      lordsloth_arrival_two_stooges, minmay_misc_feat_more_columns
D:2:      minmay_tetromino_l2
D:4:      cheibrodos_greedy_goblins, nemelex_xobeh_ov_fountains_minmay
D:5:      grunt_temple_overflow_order_and_chaos_1, enter_ossuary_3, first_bread,
          hangedman_decor_riveting, minmay_misc_feat_diagonals,
          okawaru_gym_becter
D:6:      grunt_temple_overflow_open, elyvilon_altar_4,
          minmay_temple_entry_trees, basic_altar, uniq_duvessa
D:7:      gammafunk_temple_overflow_statue, serial_shops, shop_fountains,
          minmay_three_doors
Ossuary:  ossuary_tomb_3

Skill      XL: |  1  2  3  4  5  6  7  8 |
---------------+-------------------------+-----
Fighting       | 2 3 4 |  4.7
Unarmed Combat | 4 5 6 7 |  7.3
Transmutations | 3 4 5 6 |  6.7
Spellcasting   | 3 4 |  4.5
Dodging        | |  1.7
Invocations    | |  0.7

Action                   |  1- 3 |  4- 6 |  7- 9 || total
-------------------------+-------+-------+-------++-------
Melee: Unarmed           |   143 |   307 |   191 ||   641
       Tailslap          |    13 |    36 |    36 ||    85
       Kick              |     7 |    16 |    11 ||    34
       Headbutt          |     1 |     4 |     6 ||    11
       Punch             |     1 |     2 |     5 ||     8
 Cast: Beastly Appendage |     7 |    11 |     8 ||    26
       Spider Form       |       |     1 |       ||     1
 Abil: Breathe Acid      |       |       |    16 ||    16
Evoke: Wand              |       |     2 |       ||     2
  Use: Scroll            |     2 |     8 |     4 ||    14
       Potion            |       |     2 |     1 ||     3
 Stab: Sleeping          |       |     4 |       ||     4
       Invisible         |       |     2 |       ||     2
  Eat: Chunk             |     3 |    10 |    11 ||    24
       Fruit             |       |     1 |     1 ||     2
Armor: Skin              |    47 |    91 |    54 ||   192
Dodge: Dodged            |   102 |   192 |   112 ||   406
